 Dungeon Crawl Stone Soup version 0.30.0-29-ga12c61a403 (webtiles) character file.

Game seed: 12397678172951653825

113 KamiKatze the Shield-Bearer (level 4, -15/24 HPs)
             Began as a Vine Stalker Fighter on June 3, 2023.
             Demolished by an ogre
             ... wielding a +0 giant club
              (18 damage)
             ... on level 4 of the Dungeon.
             The game lasted 00:05:07 (1999 turns).

KamiKatze the Shield-Bearer (Vine Stalker Fighter)  Turns: 1999, Time: 00:05:08

Health: -15/24     AC: 12    Str: 19    XL:     4   Next: 96%
Magic:  0/5        EV:  9    Int:  8    God:
Gold:   149        SH:  5    Dex: 15    Spells: 3/3 levels left

rFire   . . .        a - +0 rapier
rCold   . . .        c - +0 buckler
rNeg    . . .        b - +0 scale mail
rPois   .            t - +0 helmet
rElec   .            s - +0 cloak
rCorr   .            (no gloves)
SInv    .            (no boots)
Will    .....        (no amulet) Stlth
                     m - +4 ring of protection
HPRegen 1.04/turn    (no ring)
MPRegen 0.09/turn

%: guardian spirit
@: no status effects
A: fangs 2, regeneration 1, magic shield, antimagic bite, no potion heal 2
a: no special abilities


You were on level 4 of the Dungeon.
You visited 1 branch of the dungeon, and saw 4 of its levels.

You collected 149 gold pieces.

Inventory:

Hand Weapons
 a - a +0 rapier (weapon)
Missiles
 e - 3 poisoned darts (quivered)
 n - a throwing net
Armour
 b - a +0 scale mail (worn)
 c - a +0 buckler (worn)
 s - a +0 cloak (worn)
 t - a +0 helmet (worn)
Jewellery
 m - a +4 ring of protection (left hand)
Scrolls
 h - a scroll of noise {unknown}
 i - a scroll of magic mapping {unknown}
 j - 2 scrolls of poison {unknown}
 l - a scroll of enchant weapon {unknown}
 p - a scroll of torment {unknown}
 q - a scroll of vulnerability {unknown}
 r - 3 scrolls of identify {unknown}
 v - a scroll of teleportation {unknown}
Potions
 d - 2 potions of might
 f - 2 potions of resistance {unknown}
 g - a potion of curing {unknown}
 k - 2 potions of heal wounds {unknown}
 o - 3 potions of degeneration {unknown}
 u - a potion of magic {unknown}
 w - a potion of attraction {unknown}


   Skills:
 + Level 3.2 Fighting
 * Level 3.1 Short Blades
 - Level 2.4 Armour
 + Level 1.3 Dodging
 + Level 3.2 Shields


You had 3 spell levels left.
You didn't know any spells.
Your spell library contained the following spells:

 Spells                   Type           Power      Damage    Failure   Level
 Kiss of Death            Conj/Necr      0%         2d5       86%         1
 Poisonous Vapours        Pois/Air       0%         N/A       94%         2
 Confusing Touch          Hex            0%         N/A       99%         3
 Mephitic Cloud           Conj/Pois/Air  0%         N/A       99%         3
 Dispel Undead            Necr           0%         3d6       100%        4
 Freezing Cloud           Conj/Ice/Air   0%         6-21      100%        5


Dungeon Overview and Level Annotations

Branches:
Dungeon (4/15)
 Temple: D:4-7

Altars:

Shops:
D:3 =


Innate Abilities, Weirdness & Mutations

You have extremely sharp teeth.
Your natural rate of healing is unusually fast.
When hurt, damage is shared between your health and your magic reserves.
Your bite disrupts and absorbs the magic of your enemies.
Potions cannot restore your health.


Message History

You block the ufetubus's attack. The ufetubus closely misses you.
You closely miss the ufetubus. The ufetubus hits you.
You block the ufetubus's attack. The ufetubus hits you. x2
You hit the ufetubus. Your bite misses the ufetubus.
The ufetubus is severely wounded.
The ufetubus hits you but does no damage.
The ufetubus misses you.
The ufetubus hits you but does no damage.
The ufetubus hits you.
You barely miss the ufetubus.
The ufetubus is severely wounded.
You block the ufetubus's attack.
The ufetubus hits you but does no damage.
You puncture the ufetubus!
You kill the ufetubus!
No target in view!
No target in view!
HP restored.
Found a club.
An ogre comes into view. It is wielding a +0 giant club.
The ogre shouts!
Throw: 4 darts (poison)
Press: ? - help, Q - select action, (/) - cycle Shift-Dir - straight line, f - ogre
Aim: an ogre, wielding a +0 giant club (74% to hit)
You throw a poisoned dart.
The poisoned dart completely misses the ogre.
You hit the ogre. You bite the ogre. You drain its power.
You feel invigorated.
The ogre is moderately wounded.
The ogre hits you with a +0 giant club!!
Ouch! That really hurt!
* * * LOW HITPOINT WARNING * * *
You hit the ogre. You bite the ogre. You drain its power.
You feel invigorated.
The ogre is heavily wounded.
The ogre hits you with a +0 giant club!
* * * LOW HITPOINT WARNING * * *
You hit the ogre. You bite the ogre, but do no damage.
The ogre is severely wounded.
The ogre hits you with a +0 giant club!!
Ouch! That really hurt!
You die...

.# .# .# ##### .#
########<..# .#
.........#.#### .#
.....(...@O...##.#
.########.......(#
###.###..# #.#
#..... #.#
#O...... #..
.).##.## ### ....
.# ##### #


You could see an ogre.

Vanquished Creatures
  4 adders
  An ufetubus (D:4)
  3 worms
  2 dart slugs
  4 endoplasms
  4 giant cockroaches
  5 goblins
  7 hobgoblins
  A jackal (D:2)
  5 kobolds
  4 quokkas
  7 ball pythons
  3 bats (D:2)
  4 frilled lizards
  3 rats
57 creatures vanquished.

Notes
Turn   | Place    | Note
-------+----------+-------------------------------------------
     0 | D:1      | KamiKatze the Vine Stalker Fighter began the quest for the
                  | Orb.
     0 | D:1      | Reached XP level 1. HP: 11/11 MP: 2/2
   426 | D:1      | Reached XP level 2. HP: 15/16 MP: 0/3
   808 | D:2      | Reached XP level 3. HP: 19/19 MP: 4/4
  1052 | D:2      | Reached skill level 1 in Dodging
  1106 | D:2      | Gained mutation: Your natural rate of healing is unusually
                  | fast. [Vine Stalker growth]
  1106 | D:2      | Reached XP level 4. HP: 24/24 MP: 5/5
  1381 | D:3      | Found a faded altar of an unknown god.
  1727 | D:3      | Found Dyag's Jewellery Shoppe.
  1988 | D:4      | Noticed an ogre
  1999 | D:4      | Demolished by an ogre

Illustrated notes

Levels and vault maps discovered:
D:1:      dpeg_arrival_radiant, layout_loops_ring, minmay_crystal_water
D:2:      kennysheep_six_static_rooms, layout_basic, st_stairs_2
D:3:      layout_loops_ring, serial_shops, nicolae_shop_tiny_real_fake_doors,
          hellmonk_ecumenical_altar_arch_garden, hangedman_decor_growths
D:4:      layout_loops_ring, mainiacjoe_overflow_brackets

Skill      XL: |  1  2  3  4 |
---------------+-------------+-----
Short Blades   | 2 3 |  3.1
Shields        | 3 |  3.2
Fighting       | 3 |  3.2
Dodging        | 1 |  1.3
Armour         | |  2.4

Action                     |  1- 3 |  4- 6 || total
---------------------------+-------+-------++-------
  Melee: Rapier            |    94 |    94 ||   188
         Bite              |    27 |    22 ||    49
  Throw: Dart              |       |     1 ||     1
 Armour: Scale mail        |    31 |    46 ||    77
  Dodge: Dodged            |    36 |    41 ||    77
  Block: Buckler           |    14 |    25 ||    39
